 Dungeon Crawl Stone Soup version 0.28-b1-38-gff268fdeb9 (webtiles) character file.

Game seed: 11537395274135338567

60 DildoBatman the Conjurer (level 4, -1/30 HPs)
             Began as a Formicid Conjurer on Feb 3, 2022.
             Slain by a gnoll (3 damage)
             ... on level 2 of the Dungeon.
             The game lasted 00:04:25 (1658 turns).

DildoBatman the Conjurer (Formicid Conjurer)        Turns: 1658, Time: 00:04:25

Health: -1/30      AC:  3    Str: 12    XL:     4   Next: 24%
Magic:  2/7        EV: 12    Int: 17    God:
Gold:   121        SH:  0    Dex: 11    Spells: 2/7 levels left

rFire   . . .      SeeInvis +   k - +0 short sword
rCold   . . .      Faith    .   (no shield)
rNeg    . . .      Spirit   .   a - +0 robe
rPois   .          Reflect  .   (helmet unavailable)
rElec   .          Harm     .   b - +0 cloak
rCorr   .          Rampage  .   (no gloves)
Will    .....                   (no boots)
Stlth   ++........              (no amulet)
HPRegen 0.10/turn               (no ring)
MPRegen 0.10/turn               (no ring)

@: no status effects
A: permanent stasis, dig shafts and tunnels, antennae 3, four strong arms
a: Dig, Shaft Self


You were on level 2 of the Dungeon.
You visited 1 branch of the dungeon, and saw 2 of its levels.

You collected 121 gold pieces.

Inventory:

Hand Weapons
 d - a +0 whip
 k - a +0 short sword (weapon)
Missiles
 c - 7 stones
Armour
 a - a +0 robe (worn)
 b - a +0 cloak (worn)
Scrolls
 g - 2 scrolls of identify {unknown}
 i - 4 scrolls of magic mapping {unknown}
 j - a scroll of teleportation {unknown}
Potions
 e - a potion of curing {unknown}
 f - a potion of mutation {unknown}
 h - 4 potions of haste {unknown}


   Skills:
 - Level 1.7 Dodging
 - Level 2.4 Stealth
 - Level 2.1 Spellcasting
 * Level 5.0 Conjurations


You had 2 spell levels left.
You knew the following spells:

 Your Spells              Type           Power      Damage    Failure   Level
a - Searing Ray           Conj           38%        2d5       3%          2
c - Magic Dart            Conj           76%        1d6       2%          1
z - Sublimation of Blood  Necr           1%         N/A       28%         2

Your spell library contained the following spells:

 Spells                   Type           Power      Damage    Failure   Level
 Wereblood                Tmut           1%         N/A       28%         2
 Dazzling Flash           Conj/Hex       20%        N/A       21%         3
 Fulminant Prism          Conj/Hex       5%         3d7       56%         4
 Iskenderun's Mystic Bla  Conj/Tloc      10%        2d4       56%         4
 Summon Hydra             Summ           0%         N/A       100%        7


Dungeon Overview and Level Annotations

Branches:
Dungeon (2/15)

Altars:


Innate Abilities, Weirdness & Mutations

You cannot be hasted, slowed, berserked, paralysed or teleported.
You can dig through walls and to a lower floor.
You have a pair of large antennae on your head. (SInv)
Your four strong arms can wield two-handed weapons with a shield.


Message History

The gnoll closely misses you.
You see here a +0 falchion.
You hit the gnoll but do no damage.
The gnoll is severely wounded.
The gnoll completely misses you. The gnoll hits you with a +0 club.
You closely miss the gnoll.
The gnoll is severely wounded.
The gnoll hits you with a +0 club.
You barely miss the gnoll.
The gnoll is heavily wounded.
The gnoll hits you with a +0 club! What are your orders? t - Shout!
Orders for allies: a - Attack new target. r - Retreat! s - Stop attacking. g - Guard the area. f - Follow me.
Anything else - Cancel.
You shout for attention!
The gnoll hits you from afar with a +0 halberd.
The gnoll hits you but does no damage. What are your orders? t - Shout!
Orders for allies: a - Attack new target. r - Retreat! s - Stop attacking. g - Guard the area. f - Follow me.
Anything else - Cancel.
You shout for attention!
The gnoll hits you from afar with a +0 halberd!
The gnoll barely misses you. What are your orders? t - Shout!
Orders for allies: a - Attack new target. r - Retreat! s - Stop attacking. g - Guard the area. f - Follow me.
Anything else - Cancel.
You shout for attention!
The gnoll misses you. The gnoll hits you with a +0 club.
You die...

#...# #.#
#...###.###########
g......††..........
#....##.##..####.#
#....##.###.# #.#
#....##.#
#.####.###.###
#....##g#
#.........$...
#....##.# ##..##.###
#.{..##.# #..##@#
#..{.##.# ##.##g#
#...g##.#####..#g#
#........g.g...#.#
######....####...#
###....# ##..# .......#
#..# ........######.#
.........+......###.###


You could see 2 gnolls.

Vanquished Creatures
  An adder (D:2)
  2 gnolls (D:2)
  A dart slug (D:1)
  6 bats
  3 endoplasms
  A giant cockroach (D:1)
  A goblin (D:1)
  2 hobgoblins (D:1)
  2 jackals (D:2)
  A quokka (D:1)
  2 ball pythons
  A frilled lizard (D:1)
  3 kobolds
  3 rats
29 creatures vanquished.

Notes
Turn   | Place    | Note
-------+----------+-------------------------------------------
     0 | D:1      | DildoBatman the Formicid Conjurer began the quest for the
                  | Orb.
     0 | D:1      | Reached XP level 1. HP: 13/13 MP: 3/3
   204 | D:1      | Reached XP level 2. HP: 19/19 MP: 1/5
   207 | D:1      | Learned a level 2 spell: Searing Ray
   249 | D:1      | Reached skill level 4 in Conjurations
   827 | D:1      | Reached XP level 3. HP: 24/24 MP: 3/6
   872 | D:1      | Learned a level 2 spell: Sublimation of Blood
  1424 | D:2      | Found a faded altar of an unknown god.
  1651 | D:2      | Reached XP level 4. HP: 24/30 MP: 2/7
  1652 | D:2      | Reached skill level 5 in Conjurations
  1658 | D:2      | Slain by a gnoll

Illustrated notes

Levels and vault maps discovered:
D:1:      sevenhm_arrival_forest_fort_small_3, layout_basic, minmay_cut_off
D:2:      layout_basic, hellmonk_ecumenical_altar_run_dry,
          nicolae_underground_beach

Skill      XL: |  1  2  3  4 |
---------------+-------------+-----
Conjurations   | 4 5 |  5.0
Dodging        | |  1.7
Stealth        | |  2.4
Spellcasting   | |  2.1

Action                   |  1- 3 |  4- 6 || total
-------------------------+-------+-------++-------
Melee: Whip              |     8 |       ||     8
       Short sword       |     3 |     3 ||     6
 Cast: Magic Dart        |    40 |       ||    40
       Searing Ray       |     9 |       ||     9
 Abil: Dig               |     1 |       ||     1
Armor: Robe              |     3 |     1 ||     4
Dodge: Dodged            |    20 |     4 ||    24
